 Dungeon Crawl Stone Soup version 0.29.1-1-gd02db6906a (webtiles) character file.

Game seed: 9461193863544830968

96 MisterFreud the Covert (level 4, 0/41 HPs)
             Began as a Gnoll Delver on Oct 20, 2022.
             Succumbed to an adder's poison
             ... on level 2 of the Dungeon.
             The game lasted 00:01:41 (1255 turns).

MisterFreud the Covert (Gnoll Delver)               Turns: 1255, Time: 00:01:42

Health: 0/41       AC:  3    Str: 12    XL:     4   Next: 67%
Magic:  5/5        EV: 13    Int: 11    God:
Gold:   128        SH:  0    Dex: 13    Spells: 5/5 levels left

rFire   . . .      SeeInvis .   k - +0 dagger (venom)
rCold   . . .      Faith    .   (no shield)
rNeg    . . .      Spirit   .   b - +0 leather armour
rPois   .          Reflect  .   (no helmet)
rElec   .          Harm     .   (no cloak)
rCorr   .          Rampage  .   (no gloves)
Will    .....                   (no boots)
Stlth   ++++......              (no amulet)
HPRegen 0.13/turn               (no ring)
MPRegen 0.09/turn               (no ring)

@: lethally poisoned (0 -> -4)
A: fangs 1, strong nose, distributed training
a: no special abilities


You were on level 2 of the Dungeon.
You visited 1 branch of the dungeon, and saw 6 of its levels.

You collected 128 gold pieces.

Inventory:

Hand Weapons
 a - a +0 short sword
 h - a +0 hand axe of electrocution
 k - a +0 dagger of venom (weapon)
 l - a +2 dagger of holy wrath
Missiles
 n - 2 poisoned darts (quivered)
Armour
 b - a +0 leather armour (worn)
Wands
 g - a wand of digging (3)
Scrolls
 c - a scroll of fog
 d - a scroll of magic mapping
 e - 2 scrolls of fear
Potions
 i - 2 potions of lignification {unknown}
 j - 2 potions of magic {unknown}
 m - a potion of might {unknown}
 o - a potion of resistance {unknown}


   Skills:
 + Level 6.6 Fighting
 + Level 4.7 Short Blades
 + Level 1.2 Long Blades
 + Level 1.2 Axes
 + Level 1.2 Maces & Flails
 + Level 1.2 Polearms
 + Level 1.2 Staves
 + Level 1.2 Ranged Weapons
 + Level 1.2 Throwing
 + Level 1.2 Armour
 + Level 4.7 Dodging
 + Level 9.6 Stealth
 + Level 1.2 Shields
 + Level 1.2 Unarmed Combat
 + Level 1.2 Spellcasting
 + Level 1.0 Conjurations
 + Level 1.0 Hexes
 + Level 1.0 Summonings
 + Level 1.0 Necromancy
 + Level 1.0 Translocations
 + Level 1.0 Transmutations
 + Level 1.0 Fire Magic
 + Level 1.0 Ice Magic
 + Level 1.0 Air Magic
 + Level 1.0 Earth Magic
 + Level 1.0 Poison Magic
 + Level 1.4 Invocations
 + Level 1.2 Evocations


You had 5 spell levels left.
You didn't know any spells.
Your spell library was empty.

Dungeon Overview and Level Annotations

Branches:
Dungeon (6/15)
 Temple: D:4-7

Altars:


Innate Abilities, Weirdness & Mutations

You have very sharp teeth.
Your uncanny sense of smell can sniff out nearby items.
Your experience applies equally to all skills.


Message History

There is an open door here.
You barely miss the adder. You bite the adder, but do no damage.
The adder bites you. The orc closely misses you.
You closely miss the adder. You bite the adder, but do no damage.
The adder completely misses you.
You hit the adder.
The adder is poisoned.
The adder is lightly wounded.
The adder completely misses you. The orc closely misses you.
You completely miss the adder.
The adder is moderately wounded.
The adder bites you.
The orc hits you from afar with a +0 trident!
You are too injured to fight recklessly!
You hit the adder but do no damage.
The adder looks even sicker.
The adder is moderately wounded.
The adder closely misses you. The orc hits you but does no damage.
You are too injured to fight recklessly!
You hit the adder but do no damage.
The adder looks as sick as possible!
The adder is heavily wounded.
The adder barely misses you. The adder misses you.
The orc hits you from afar with a +0 trident.
* * * LOW HITPOINT WARNING * * *
You closely miss the adder.
The adder is heavily wounded.
You kill the adder!
You closely miss the adder.
The orc hits you from afar with a +0 trident.
* * * LOW HITPOINT WARNING * * *
The adder bites you but does no damage.
You are too injured to fight recklessly!
You barely miss the adder. Your bite misses the adder. The adder bites you.
* * * LOW HITPOINT WARNING * * *
The orc barely misses you. The adder attacks as you move away!
The adder bites you but does no damage. The adder closely misses you.
The adder attacks as you move away! The adder bites you.
* * * LOW HITPOINT WARNING * * *
You are lethally poisoned!
The adder poisons you!
You die...

...........#.......#.#
...........).....#.#.#
.....#+#+##.....##.#.#
.....#.............#.#
.... ##...##########.#
.... +...'........#<#
+## ##...########.#.#
#...............#
.....#####..@..#.###
..... #......#.# .....
#.S....#.# .....
#o#÷...#'## .
##.##......#
#)).###....##
#.....##.....#
.[$.⌠...'.....#
####...###.....#


You could see an adder and an orc.

Vanquished Creatures
  An iguana (D:6)
  5 adders
  A worm (D:2)
  2 orcs (D:2)
  2 bats (D:1)
  2 endoplasms (D:1)
  A giant cockroach (D:1)
  2 goblins
  A hobgoblin (D:1)
  4 ball pythons
  A kobold (D:2)
  2 rats
24 creatures vanquished.

Notes
Turn   | Place    | Note
-------+----------+-------------------------------------------
     0 | D:5      | Reached skill level 9 in Stealth
     0 | D:5      | MisterFreud the Gnoll Delver began the quest for the Orb.
     0 | D:5      | Reached XP level 1. HP: 23/23 MP: 1/1
     5 | D:6      | Reached XP level 2. HP: 29/29 MP: 2/2
    16 | D:6      | Reached skill level 1 in Invocations
    16 | D:6      | Reached XP level 3. HP: 35/35 MP: 2/4
    32 | D:6      | Noticed a scorpion
    46 | D:6      | Noticed a scorpion
   392 | D:2      | Found a faded altar of an unknown god.
   453 | D:2      | Reached skill level 1 in Long Blades
   453 | D:2      | Reached skill level 1 in Axes
   453 | D:2      | Reached skill level 1 in Maces & Flails
   453 | D:2      | Reached skill level 1 in Polearms
   453 | D:2      | Reached skill level 1 in Staves
   453 | D:2      | Reached skill level 1 in Ranged Weapons
   453 | D:2      | Reached skill level 1 in Throwing
   453 | D:2      | Reached skill level 1 in Armour
   453 | D:2      | Reached skill level 1 in Shields
   453 | D:2      | Reached skill level 1 in Unarmed Combat
   453 | D:2      | Reached skill level 1 in Spellcasting
   453 | D:2      | Reached skill level 1 in Evocations
   599 | D:2      | Reached XP level 4. HP: 39/41 MP: 5/5
   683 | D:1      | Reached skill level 1 in Conjurations
   683 | D:1      | Reached skill level 1 in Hexes
   683 | D:1      | Reached skill level 1 in Summonings
   683 | D:1      | Reached skill level 1 in Necromancy
   683 | D:1      | Reached skill level 1 in Translocations
   683 | D:1      | Reached skill level 1 in Transmutations
   683 | D:1      | Reached skill level 1 in Fire Magic
   683 | D:1      | Reached skill level 1 in Ice Magic
   683 | D:1      | Reached skill level 1 in Air Magic
   683 | D:1      | Reached skill level 1 in Earth Magic
   683 | D:1      | Reached skill level 1 in Poison Magic
  1252 | D:2      | HP: 2/41 [adder (4)]
  1255 | D:2      | Succumbed to an adder's poison

Illustrated notes

Levels and vault maps discovered:
D:1:      psy_arrival_basics, layout_loops_ring
D:2:      kb_forest_paths, layout_basic, basic_ecumenical_altar,
          grunt_ministairs_14, minmay_liquid_box
D:3:      minmay_chambers_of_threes, layout_loops_ring,
          mainiacjoe_overflow_alcove_4, chequers_serial_rivers_micro_a
D:4:      layout_basic, minmay_temple_entry_offerings, st_stairs_7
D:5:      layout_gridville, hellmonk_ghost_happy_afterlife, serial_shops, shop,
          nicolae_shop_competitors_out_of_business, nicolae_take_the_stairs,
          abandoned_shop
D:6:      layout_rooms, nicolae_overflow_hallway_of_the_gods,
          kennysheep_vampire_church, serial_shops, kennysheep_mini_moat, shop,
          minmay_misc_feat_tower

Skill      XL: |  1  2  3  4 |
---------------+-------------+-----
Stealth        | |  9.6
Invocations    | 1 |  1.4
Long Blades    | 1 |  1.2
Axes           | 1 |  1.2
Maces & Flails | 1 |  1.2
Polearms       | 1 |  1.2
Staves         | 1 |  1.2
Ranged Weapons | 1 |  1.2
Throwing       | 1 |  1.2
Armour         | 1 |  1.2
Shields        | 1 |  1.2
Unarmed Combat | 1 |  1.2
Spellcasting   | 1 |  1.2
Evocations     | 1 |  1.2
Conjurations   | 1 |  1.0
Hexes          | 1 |  1.0
Summonings     | 1 |  1.0
Necromancy     | 1 |  1.0
Translocations | 1 |  1.0
Transmutations | 1 |  1.0
Fire Magic     | 1 |  1.0
Ice Magic      | 1 |  1.0
Air Magic      | 1 |  1.0
Earth Magic    | 1 |  1.0
Poison Magic   | 1 |  1.0
Fighting       | |  6.6
Short Blades   | |  4.7
Dodging        | |  4.7

Action                   |  1- 3 |  4- 6 || total
-------------------------+-------+-------++-------
Melee: Short sword       |    45 |    13 ||    58
       Bite              |     3 |     3 ||     6
       Punch             |     1 |       ||     1
       Dagger            |       |    19 ||    19
  Use: Potion            |     1 |       ||     1
       Scroll            |       |     2 ||     2
 Stab: Sleeping          |     6 |     6 ||    12
Armor: Leather armour    |     7 |     8 ||    15
Dodge: Dodged            |    37 |    18 ||    55
